 Dungeon Crawl Stone Soup version 0.19.1 (webtiles) character file.

49813 Idleism the Brawler (level 14, -2/144 HPs)
             Began as a Troll Berserker on Dec 10, 2016.
             Was a Priest of Trog.
             Hit by a tomahawk thrown by a merfolk (14 damage)
             ... on level 1 of the Shoals.
             The game lasted 00:58:59 (15213 turns).

Idleism the Brawler (Troll Berserker)              Turns: 15213, Time: 00:58:59

Health: -2/144     AC: 15    Str: 35    XL:     14   Next: 17%
Magic:  0/13       EV:  7    Int:  4    God:    Trog [***...]
Gold:   1084       SH:  0    Dex: 10    Spells: 0 memorised, 13 levels left

rFire  . . .     SeeInvis +       - Unarmed
rCold  + + .     Gourm    +     z - +0 mottled dragon scales
rNeg   . . .     Faith    .     (no shield)
rPois  +         Spirit   +     X - +0 hat
rElec  .         Reflect  .     W - +2 cloak {+Inv}
rCorr  .         Harm     .     (gloves unavailable)
MR     +++..                    (boots unavailable)
Stlth  +.........               j - amulet of guardian spirit
                                R - +3 ring of evasion
                                Z - ring "Dugyudai" {+Inv rC+ Str+5 SInv}

@: held, regenerating, hasted, very quick
A: unfitting armour, claws 3, molten scales 1, cold resistance 1, fast
metabolism 3, gourmand, poison resistance, regeneration 1, shaggy fur 1, tough
skin 2, MP-powered wands
a: Berserk, Trog's Hand, Burn Spellbooks, Renounce Religion, Evoke Invisibility


You were on level 1 of the Shoals.
You worshipped Trog.
Trog was most pleased with you.
You were very full.

You visited 4 branches of the dungeon, and saw 20 of its levels.
You also visited: Labyrinth, Sewer and Volcano.

You collected 1444 gold pieces.
You spent 360 gold pieces at shops.

Inventory:

Hand Weapons
 U - a +0 demon blade of flaming
Missiles
 S - 5 javelins of penetration (quivered)
Armour
 e - a +0 robe of fire resistance
 k - a +2 robe of cold resistance
 t - a +2 robe of positive energy
 z - +0 mottled dragon scales (worn)
 E - a +0 troll leather armour
 V - a +0 cloak of fire resistance
 W - a +2 cloak of invisibility (worn)
 X - a +0 hat (worn)
Jewellery
 j - an amulet of guardian spirit (around neck)
 p - an uncursed ring of protection from magic
 r - an uncursed ring of stealth
 w - an uncursed ring of magical power
 D - a +3 ring of dexterity {unknown}
 O - an uncursed ring of protection from cold {unknown}
 Q - an uncursed ring of protection from fire
 R - a +3 ring of evasion (right claw)
 T - an uncursed ring of positive energy
 Z - the ring "Dugyudai" (left claw) {+Inv rC+ Str+5 SInv}
   (You found it in a labyrinth)

   [ring of strength]

   It affects your strength (+5).
   It protects you from cold.
   It lets you see invisible.
   It lets you turn invisible.
Wands
 s - a wand of digging (22/24)
 G - a wand of iceblast (8/15)
 P - a wand of iceblast (6/15)
Scrolls
 c - 4 scrolls of recharging
 d - 2 scrolls of fear
 m - a scroll of identify
 u - 7 scrolls of teleportation
 v - 6 scrolls of remove curse
 y - a scroll of magic mapping
 C - 3 scrolls of fog
 I - a scroll of summoning
Potions
 i - 3 potions of haste
 n - 5 potions of agility
 o - a potion of flight
 q - 7 potions of heal wounds
 x - 5 potions of brilliance
 A - 4 potions of curing
 B - 2 potions of berserk rage
 F - 2 potions of might
 H - 3 potions of resistance
 K - a potion of cancellation {unknown}
 L - a potion of lignification {unknown}
 N - 3 potions of invisibility {unknown}
Comestibles
 a - 7 beef jerkies
 b - 9 bread rations
 f - 34 fruits
 g - 10 royal jellies
 l - 6 meat rations
 J - a slice of pizza


   Skills:
 - Level 10.9 Fighting
 - Level 4.0 Armour
 - Level 6.0 Dodging
 + Level 18.8 Unarmed Combat


You had 13 spell levels left.
You didn't know any spells.

Dungeon Overview and Level Annotations

Branches:
Dungeon (12/15)            Temple (1/1) D:6            Lair (6/6) D:10
 Shoals (1/4) Lair:2        Snake (0/4) Lair:3        Slime (0/5) Lair:5
    Orc (0/2) D:9

Altars:
Cheibriados
Dithmenos
Elyvilon
Fedhas
Sif Muna
Trog
Uskayaw
Vehumet
Xom
Jiyva

Shops:
D:8 !   D:9 *   D:10 ?   D:11 *


Innate Abilities, Weirdness & Mutations

You are too large for most types of armour.
You have claws for hands.
Your metabolism is lightning-fast.
You like to eat raw meat.
Your natural rate of healing is unusually fast.
You are covered in fur. (AC +1)
You have very tough skin. (AC +2)
You are partially covered in molten scales. (AC +2)
Your flesh is cold resistant. (rC+)
Your system is resistant to poisons. (rPois)
You expend magic power (3 MP) to strengthen your wands.


Message History

Your skin crawls.
You feel resistant to hostile enchantments.
You feel quite a bit less full.
You can no longer call in reinforcements.
The merfolk impaler shouts!
The merfolk closely misses you.
The merfolk hits you from afar with a spear! 2 merfolk come into view.
Okay, then.
You feel yourself speed up.
The merfolk shouts! x2
The merfolk hits you from afar with a trident!
The merfolk hits you from afar with a spear!
The merfolk hits you from afar with a trident!
The cyclops throws a large rock.
The large rock hits you!!
* * * LOW HITPOINT WARNING * * *
The merfolk hits you from afar with a trident!
* * * LOW HITPOINT WARNING * * *
The merfolk throws a tomahawk.
The tomahawk hits you!
You die...

.≈≈≈≈≈≈.##... ..
≈≈≈≈≈≈≈≈≈... ...
≈≈≈≈≈≈≈≈≈mm##..#
≈≈≈≈≈≈≈≈≈≈...m#
≈≈≈$..≈≈≈(....##
......≈..m.....
#...m..(....
#.(m≈≈≈≈≈..
#@.m≈≈≈≈≈≈≈
#.≈m≈≈≈≈≈≈≈
...≈m≈≈≈...≈
.C...≈≈≈.##m.
.Y###..≈≈≈≈# . C
##.≈≈≈m..
#....... .......


You could see 2 merfolk impalers, 8 merfolk and a cyclops.

Vanquished Creatures
  4 dire elephants (Lair:6)
  A minotaur (Lab)
  Fannar (Lair:1)
  4 hydras
  An anaconda (Lair:6)
  A dancing weapon (Volcano)
  Urug (D:12)
  An unseen horror (D:10)
  5 wizards (Volcano)
  3 hill giants
  A deep elf mage (D:12)
  5 toenail golems (Volcano)
  2 black mambas
  9 elephants
  5 torpor snails (Lair:6)
  A rime drake (Lair:2)
  9 spiny frogs
  7 komodo dragons
  4 two-headed ogres
  2 trolls
  A polar bear (Lair:5)
  3 blink frogs
  A hornet (D:12)
  A dream sheep (Shoals:1)
  10 hippogriffs
  Sigmund (D:2)
  4 wyverns
  35 yaks
  A shadow (D:11)
  2 vampires
  2 basilisks
  A hungry ghost (D:11)
  3 vampire mosquitoes (D:12)
  4 nagas (Lair:3)
  A mottled dragon (D:11)
  2 hell hounds (D:10)
  8 porcupines
  8 water moccasins
  4 orc warriors
  2 ice beasts
  2 sky beasts (D:11)
  An eye of draining (D:12)
  4 phantoms
  2 black bears
  A necrophage (D:10)
  7 ogres
  10 wolves
  10 centaurs
  8 crocodiles
  4 big kobolds
  16 bullfrogs
  2 scorpions
  12 killer bees
  12 wights
  6 howler monkeys
  6 crimson imps
  2 centaur zombies
  A bullfrog zombie (D:11)
  9 jellies
  A centaur skeleton (D:8)
  6 hounds
  Crazy Yiuf (D:2)
  3 orc priests
  2 bullfrog skeletons
  9 orc wizards
  Jessica (D:3)
  Natasha (twice) (D:2)
  5 iguanas
  10 worker ants
  2 killer bee zombies
  A hound zombie (D:7)
  A hound skeleton (D:6)
  2 worker ant zombies
  Robin (D:2)
  5 gnolls
  14 adders
  2 river rats (Sewer)
  2 shadow imps
  6 oozes
  An adder zombie (D:5)
  An adder skeleton (D:8)
  4 worms
  5 leopard geckos
  23 orcs
  A ball python (D:5)
  10 giant cockroaches
  19 goblins
  7 hobgoblins
  5 jackals
  4 quokkas
  2 bats
  8 frilled lizards
  28 kobolds
  A leopard gecko skeleton (D:5)
  A leopard gecko zombie (D:6)
  9 rats
  A bush (D:11)
  2 plants (Lair:6)
484 creatures vanquished.

Vanquished Creatures (collateral kills)
  2 hydras
  Nergalle (D:10)
  A hill giant (D:10)
  An orc warrior (D:10)
  A big kobold (D:10)
  An adder (D:10)
  5 kobolds (D:10)
  A butterfly (Lair:4)
13 creatures vanquished.

Vanquished Creatures (others)
  5 fungi
  3 plants (Lair:6)
8 creatures vanquished.

Grand Total: 505 creatures vanquished

Notes
Turn   | Place    | Note
-------+----------+-------------------------------------------
     0 | D:1      | Idleism the Troll Berserker began the quest for the Orb.
     0 | D:1      | Reached XP level 1. HP: 22/22 MP: 0/0
     2 | D:1      | Noticed an elf
     2 | D:1      | Noticed a troll
     4 | D:1      | Noticed a ghoul
     6 | D:1      | Noticed a felid
     6 | D:1      | Noticed a vampire
     8 | D:1      | Noticed a demonspawn
     8 | D:1      | Noticed a vine stalker
    10 | D:1      | Noticed a draconian
    10 | D:1      | Noticed a naga
    12 | D:1      | Noticed a gargoyle
    12 | D:1      | Noticed a halfling
    14 | D:1      | Noticed a centaur
    14 | D:1      | Noticed a human
    16 | D:1      | Noticed a tengu
    16 | D:1      | Noticed an ogre
    18 | D:1      | Noticed a spriggan
    20 | D:1      | Noticed a merfolk
    22 | D:1      | Noticed a demigod
    22 | D:1      | Noticed an octopode
    24 | D:1      | Noticed a formicid
    26 | D:1      | Noticed a minotaur
    26 | D:1      | Noticed a dwarf
   157 | D:1      | Reached XP level 2. HP: 29/29 MP: 1/1
   480 | D:1      | Reached skill level 4 in Unarmed Combat
   537 | D:2      | Reached ** piety under Trog
   619 | D:2      | Noticed Robin
   623 | D:2      | Reached XP level 3. HP: 30/36 MP: 2/2
   631 | D:2      | Killed Robin
   652 | D:2      | Reached XP level 4. HP: 24/44 MP: 3/3
   658 | D:2      | HP: 1/44 [hobgoblin/club[Robin] (7)]
   663 | D:2      | HP: 2/44 [poisoned by a goblin]
   786 | D:2      | Noticed Sigmund
   796 | D:2      | Killed Sigmund
   796 | D:2      | Reached skill level 6 in Unarmed Combat
   796 | D:2      | Reached XP level 5. HP: 50/50 MP: 4/4
   927 | D:2      | Found a bloodstained altar of Trog.
   964 | D:2      | Found a runed door.
   968 | D:2      | Noticed Crazy Yiuf
   973 | D:2      | Killed Crazy Yiuf
   973 | D:2      | Reached XP level 6. HP: 59/59 MP: 5/5
  1188 | D:2      | Noticed Natasha
  1194 | D:2      | Killed Natasha
  1198 | D:2      | Reached skill level 7 in Unarmed Combat
  1245 | D:2      | Noticed Natasha
  1250 | D:2      | Killed Natasha
  1274 | D:3      | Noticed Jessica
  1588 | D:3      | Killed Jessica
  1773 | D:4      | Reached skill level 8 in Unarmed Combat
  1773 | D:4      | Reached XP level 7. HP: 60/66 MP: 6/6
  1784 | D:4      | Gained mutation: You expend magic power (3 MP) to strengthen your wands. [potion of mutation]
  1784 | D:4      | Gained mutation: You are partially covered in molten scales. (AC +2) [potion of mutation]
  1784 | D:4      | Gained mutation: Your flesh is cold resistant. (rC+) [potion of mutation]
  1930 | D:4      | Found a glowing drain.
  1936 | D:4      | Reached *** piety under Trog
  1968 | Sewer    | Entered a sewer
  2096 | Sewer    | Found a glowing silver altar of Zin.
  2479 | D:4      | Reached skill level 9 in Unarmed Combat
  2972 | D:5      | Entered Level 5 of the Dungeon
  3121 | D:5      | Reached XP level 8. HP: 78/78 MP: 7/7
  3915 | D:6      | Found a blossoming altar of Fedhas.
  4009 | D:6      | Reached **** piety under Trog
  4027 | D:6      | Found a staircase to the Ecumenical Temple.
  4036 | Temple   | Entered the Ecumenical Temple
  4222 | D:6      | Reached skill level 5 in Dodging
  4263 | D:6      | Got a bone flail
  4836 | D:7      | Reached XP level 9. HP: 77/84 MP: 8/8
  4854 | D:7      | Found a deep blue altar of Sif Muna.
  4956 | D:7      | Reached skill level 10 in Unarmed Combat
  5650 | D:8      | Reached skill level 11 in Unarmed Combat
  5710 | D:8      | Found a radiant altar of Vehumet.
  5727 | D:8      | Found a hide-covered altar of Uskayaw.
  5734 | D:8      | Found a shimmering altar of Xom.
  5754 | D:8      | Found a white marble altar of Elyvilon.
  5988 | D:8      | Found Besereh's Distillery.
  6001 | D:8      | Bought a potion of curing for 45 gold pieces
  6001 | D:8      | Bought a potion of degeneration for 15 gold pieces
  6001 | D:8      | Bought a potion of might for 60 gold pieces
  6001 | D:8      | Bought a potion of heal wounds for 75 gold pieces
  6001 | D:8      | Bought a potion of heal wounds for 75 gold pieces
  6104 | D:8      | Identified the +6 flail "Hivaqaf" {pain, rElec MR+ Str-2 Int+3} (You found it on level 6 of the Dungeon)
  6140 | D:9      | Reached skill level 12 in Unarmed Combat
  6243 | D:9      | Found Dafiase's General Store.
  6357 | D:9      | Reached XP level 10. HP: 83/92 MP: 9/9
  6392 | D:9      | Found a staircase to the Orcish Mines.
  6447 | D:9      | Reached ***** piety under Trog
  6478 | D:9      | Found a shadowy altar of Dithmenos.
  6587 | D:9      | Reached skill level 13 in Unarmed Combat
  6907 | D:9      | Reached skill level 1 in Armour
  6964 | D:10     | Entered Level 10 of the Dungeon
  6970 | D:10     | Found Geakhleo's Magic Scroll Boutique.
  6995 | D:10     | Gained mutation: Your system is resistant to poisons. (rPois) [potion of beneficial mutation]
  7095 | D:10     | Found a staircase to the Lair.
  7148 | D:10     | Noticed a hill giant
  7148 | D:10     | Noticed Nergalle
  7155 | D:10     | Killed Nergalle
  7169 | D:10     | Killed a hill giant
  7169 | D:10     | Reached skill level 5 in Fighting
  7205 | D:10     | Noticed a hill giant
  7205 | D:10     | Noticed a hill giant
  7218 | D:10     | Killed a hill giant
  7224 | D:10     | Killed a hill giant
  7478 | D:10     | Killed an unseen horror
  7478 | D:10     | Reached XP level 11. HP: 61/108 MP: 10/10
  7622 | D:10     | Identified a scroll of acquirement
  7710 | D:10     | Bought a scroll of enchant armour for 90 gold pieces
  7732 | D:11     | Found Bohyol's General Store.
  8001 | D:11     | Received a gift from Trog
  8191 | D:11     | Noticed a hill giant
  8202 | D:11     | Killed a hill giant
  8948 | D:12     | Found a shadowy altar of Dithmenos.
  8966 | D:12     | Reached skill level 10 in Fighting
  8971 | D:12     | Noticed a deep elf mage
  9033 | D:12     | Killed a deep elf mage
  9061 | D:12     | Noticed Urug
  9069 | D:12     | Killed Urug
  9250 | Lair:1   | Entered Level 1 of the Lair of Beasts
  9268 | Lair:1   | Found a dark tunnel.
  9277 | Volcano  | Entered a volcano
  9285 | Volcano  | Noticed a wizard
  9289 | Volcano  | Killed a wizard
  9300 | Volcano  | Noticed a wizard
  9300 | Volcano  | Paralysed by a wizard for 7 turns
  9309 | Volcano  | Paralysed by a wizard for 6 turns
  9320 | Volcano  | Killed a wizard
  9320 | Volcano  | Reached XP level 12. HP: 97/128 MP: 9/11
  9502 | Volcano  | Reached skill level 14 in Unarmed Combat
 10004 | Lair:1   | Noticed Fannar
 10015 | Lair:1   | Killed Fannar
 10015 | Lair:1   | Reached skill level 15 in Unarmed Combat
 10376 | Lair:2   | Noticed an eight-headed hydra
 10405 | Lair:1   | Killed a five-headed hydra
 10618 | Lair:2   | Found a staircase to the Shoals.
 10723 | Lair:2   | Received a gift from Trog
 10764 | Lair:2   | Reached skill level 16 in Unarmed Combat
 10801 | Lair:2   | Reached XP level 13. HP: 106/136 MP: 9/12
 11602 | Lair:3   | Found a staircase to the Snake Pit.
 12694 | Lair:4   | Reached skill level 17 in Unarmed Combat
 13087 | Lair:5   | Found a runed door.
 13088 | Lair:5   | Found a viscous altar of Jiyva.
 13091 | Lair:5   | Found a staircase to the Slime Pits.
 13160 | Lair:5   | Found a bloodstained altar of Trog.
 13212 | Lair:5   | Found a labyrinth entrance.
 13221 | Lab      | Entered a labyrinth
 13348 | Lab      | Noticed a minotaur
 13355 | Lab      | Killed a minotaur
 13368 | Lab      | Got an ancient amber ring
 13371 | Lab      | Identified the ring "Dugyudai" {+Inv rC+ Str+5 SInv} (You found it in a labyrinth)
 13376 | Lab      | Got an ancient copper amulet
 13468 | Lair:5   | Lost intelligence.
 13468 | Lair:5   | Identified the amulet "Waeguug" {Faith Int-5 Dex+7} (You found it in a labyrinth)
 13998 | Lair:6   | Entered Level 6 of the Lair of Beasts
 14048 | Lair:6   | Found a snail-covered altar of Cheibriados.
 14334 | Lair:6   | Reached skill level 18 in Unarmed Combat
 14739 | Lair:6   | Noticed a dire elephant
 14739 | Lair:6   | Noticed a dire elephant
 14747 | Lair:6   | Killed a dire elephant
 14749 | Lair:6   | Killed a dire elephant
 14749 | Lair:6   | Reached XP level 14. HP: 144/144 MP: 9/13
 15203 | Shoals:1 | Entered Level 1 of the Shoals
 15213 | Shoals:1 | Hit by a tomahawk thrown by a merfolk

Skill      XL: |  1  2  3  4  5  6  7  8  9 10 11 12 13 |
---------------+----------------------------------------+-----
Unarmed Combat | 4 6 8 9 12 13 16 18 | 18.8
Fighting       | 3 4 7 10 | 10.9
Dodging        | 6 |  6.0
Armour         | 2 4 |  4.0

Action                   |  1- 3 |  4- 6 |  7- 9 | 10-12 | 13-15 || total
-------------------------+-------+-------+-------+-------+-------++-------
Melee: Unarmed           |    86 |   110 |   356 |   505 |   266 ||  1323
       Punch             |     1 |       |    12 |    32 |    27 ||    72
       Demon blade       |       |       |       |     7 |    14 ||    21
Invok: Berserk           |     1 |     3 |     3 |     7 |     6 ||    20
       Trog's Hand       |       |     2 |     5 |    10 |     7 ||    24
       Burn Spellbooks   |       |       |       |     1 |     2 ||     3
       Brothers in Arms  |       |       |       |     1 |     2 ||     3
Evoke: Wand              |       |       |       |     2 |       ||     2
  Use: Potion            |       |     2 |     3 |     2 |     1 ||     8
       Scroll            |       |     2 |    13 |     7 |     2 ||    24
 Stab: Sleeping          |       |     1 |       |     4 |       ||     5
       Distracted        |       |       |       |     1 |       ||     1
  Eat: Chunk             |    11 |    16 |    46 |    52 |    48 ||   173
Armor: Animal skin       |    23 |    29 |       |       |       ||    52
       Robe              |       |     3 |   130 |    79 |       ||   212
       Mottled dragon sc |       |       |       |    85 |   110 ||   195
Dodge: Dodged            |    38 |    44 |   159 |   223 |   156 ||   620
       Rpst.: Demon blade |       |       |       |     1 |     4 ||     5
